 Dungeon Crawl Stone Soup version 0.21-a0-286-g6fcecc0 (webtiles) character file.

22166 tidbits the Fighter (level 12, -8/115 HPs)
             Began as a White Draconian Monk on Sept 27, 2017.
             Was the Champion of Wu Jian.
             Killed from afar by Josephine (11 damage)
             ... with a ghostly fireball
             ... on level 2 of the Orcish Mines.
             The game lasted 01:07:24 (6580 turns).

tidbits the Fighter (White Draconian Monk)          Turns: 6580, Time: 01:07:24

Health: -8/115     AC: 18    Str: 13    XL:     12   Next: 60%
Magic:  0/23       EV: 20    Int: 15    God:    Wu Jian [******]
Gold:   1135       SH:  0    Dex: 18    Spells: 23/26 levels left

rFire    + + .     SeeInvis .   k - +11 mace "Xeym" {freeze, *Rage +Rage MR+ Dex+3}
rCold    + + .     Gourm    .   (no shield)
rNeg     . . .     Faith    .   (armour unavailable)
rPois    .         Spirit   +   E - +2 hat
rElec    .         Reflect  .   C - +2 cloak
rCorr    .         Harm     .   G - +2 pair of gloves
MR       +....     Rnd*Rage +   F - +1 pair of boots
Stlth    ++++......             v - amulet of guardian spirit
HPRegen  0.29/turn              g - ring of protection from cold
MPRegen  0.18/turn              o - ring of protection from fire

@: berserk cooldown, very slightly contaminated, slowed, drained, very slow
A: breathe frost, unfitting armour, stinger 1, talons 1, camouflage 1, cold
resistance 1, fire resistance 1, cold-blooded, AC +8
a: Breathe Frost, Serpent's Lash, Heavenly Storm, Renounce Religion, Evoke
Berserk Rage


You were on level 2 of the Orcish Mines.
You worshipped Wu Jian.
Wu Jian was exalted by your worship.
You were very hungry.

You visited 3 branches of the dungeon, and saw 15 of its levels.
You also visited: Ossuary.

You collected 1135 gold pieces.

Inventory:

Hand Weapons
 k - the +11 mace "Xeym" (weapon) {freeze, *Rage +Rage MR+ Dex+3}
   (You found it on level 4 of the Dungeon)

   It has been specially enchanted to freeze those struck by it, causing extra
   injury to most foes and up to half again as much damage against particularly
   susceptible opponents.
   It can also slow down cold-blooded creatures.
   It affects your dexterity (+3).
   It affects your resistance to hostile enchantments.
   It lets you go berserk.
   It may make you go berserk in combat.
 z - a +2 shortbow of freezing
   (You took it off a centaur on level 9 of the Dungeon)
 N - a +1 dire flail of holy wrath
   (You took it off a two-headed ogre on level 2 of the Orcish Mines)
Missiles
 q - 185 arrows
 A - 6 curare-tipped needles
 U - 16 tomahawks of returning (quivered)
 W - a throwing net {!f}
Armour
 C - a +2 cloak (worn)
 E - a +2 hat (worn)
 F - a +1 pair of boots (worn)
 G - a +2 pair of gloves (worn)
Jewellery
 b - an uncursed ring of flight
   (You found it on level 10 of the Dungeon)
 e - a +5 amulet of reflection
   (You found it on level 10 of the Dungeon)
 g - a ring of protection from cold (left hand)
   (You took it off Azrael on level 12 of the Dungeon)
 n - an uncursed ring of ice
   (You found it on level 11 of the Dungeon)
 o - a ring of protection from fire (right hand)
   (You found it on level 4 of the Dungeon)
 v - an amulet of guardian spirit (around neck)
   (You found it on level 10 of the Dungeon)
 H - an uncursed ring of protection from magic
   (You found it on level 7 of the Dungeon)
 P - an uncursed ring of poison resistance
   (You found it on level 11 of the Dungeon)
 Q - an uncursed amulet of rage
   (You found it on level 7 of the Dungeon)
Wands
 m - a wand of iceblast (0/15)
 t - a wand of iceblast (0/15)
 u - a wand of digging (11/24)
 O - a wand of acid (2/15)
 R - a wand of flame (18/48)
 S - a wand of acid (7/15)
 T - a wand of disintegration (7/24)
 X - a wand of digging (12/24)
Scrolls
 d - 3 scrolls of fog
 f - a scroll of blinking
 r - 2 scrolls of remove curse
 y - a scroll of fear
 B - 3 scrolls of random uselessness {unknown}
 I - 4 scrolls of magic mapping
 K - 2 scrolls of noise {unknown}
 Y - 3 scrolls of amnesia {unknown}
Potions
 c - a potion of lignification
 h - 3 potions of brilliance
 j - 3 potions of heal wounds
 l - 3 potions of mutation {!q}
 p - a potion of might {unknown}
 s - 4 potions of cancellation {unknown}
 w - 4 potions of haste {unknown}
 x - 6 potions of curing
 D - 3 potions of magic {unknown}
 J - a potion of ambrosia {unknown}
 L - a potion of resistance {unknown}
 M - 2 potions of flight {unknown}
Comestibles
 a - 8 bread rations
 i - 25 chunks of flesh


   Skills:
 - Level 13.3(12.7) Fighting
 - Level 11.3(10.7) Dodging
 - Level 4.3(3.8) Stealth
 - Level 7.0(6.4) Unarmed Combat
 + Level 7.5(6.9) Spellcasting
 - Level 4.2(3.7) Necromancy
 - Level 4.0(3.5) Evocations


You had 23 spell levels left.
You knew the following spells:

 Your Spells              Type           Power        Failure   Level  Hunger
a - Apportation           Tloc           #.....       13%         1    None
n - Animate Skeleton      Necr           N/A          2%          1    None
t - Confusing Touch       Hex            #.....       13%         1    None


Dungeon Overview and Level Annotations

Branches:
Dungeon (12/15)            Temple (1/1) D:7            Lair (0/6) D:10
    Orc (2/2) D:12
    Elf: Orc:2

Altars:
Ashenzari
Cheibriados
Dithmenos
Fedhas
Gozag
Hepliaklqana
Kikubaaqudgha
Nemelex Xobeh
Okawaru
Qazlal
Ru
Sif Muna
Trog
Wu Jian
Xom
Yredelemnul
Zin
The Shining One

Shops:
D:11 [   Orc:1 =

Annotations:
D:6 1 runed door
D:10 exclusion: downstairs
D:11 exclusion: orange crystal statue
D:12 exclusion: hydra
Orc:2 Josephine


Innate Abilities, Weirdness & Mutations

You can breathe waves of freezing cold.
You can buffet flying creatures when you breathe cold.
Your icy white scales are hard. (AC +8)
You cannot fit into any form of body armour.
Your flesh is cold resistant. (rC+)
You are cold-blooded and may be slowed by cold attacks.
Your tail ends in a poisonous barb.
You have sharp toenails.
Your skin changes colour to match your surroundings (Stealth+).
Your flesh is heat resistant. (rF+)


Message History

The two-headed ogre misses you.
Josephine is infused with unholy energy.
* * * LOW HITPOINT WARNING * * *
Josephine draws life force from you and is healed!
An orc comes into view. It is wielding an enchanted whip.
You lunge at the ogre mage.
The orc shouts!
You bludgeon the ogre mage!! You freeze the ogre mage!
The ogre mage is heavily wounded.
You spin and attack the two-headed ogre.
You bludgeon the two-headed ogre!! You freeze the two-headed ogre.
The two-headed ogre is heavily wounded.
You spin to attack the two-headed ogre, but your attack speed is too slow for a blow to land.
You spin to attack Josephine, but your attack speed is too slow for a blow to land.
You hear two shouts!
The ogre mage barely misses you.
An ogre comes into view. It is wielding a giant club.
Items here: ))) † a giant club x3; an ogre corpse Unknown command.
You thump Josephine! You freeze Josephine.
Josephine is severely wounded.
The two-headed ogre hits you with a giant club!
* * * LOW HITPOINT WARNING * * *
The two-headed ogre hits you with a giant spiked club.
* * * LOW HITPOINT WARNING * * *
The two-headed ogre barely misses you.
The two-headed ogre hits you with a giant spiked club.
* * * LOW HITPOINT WARNING * * *
The two-headed ogre hits you with a giant club!
* * * LOW HITPOINT WARNING * * *
The two-headed ogre misses you. Josephine barely misses you.
The ogre mage misses you.
An orc wizard comes into view. It is wielding a dagger.
Unknown command.
You closely miss Josephine.
Josephine is severely wounded.
The two-headed ogre closely misses you. x3
The two-headed ogre hits you with a giant spiked club!!
* * * LOW HITPOINT WARNING * * *
The wraith hits you!
* * * LOW HITPOINT WARNING * * *
The wraith drains your vigour!
You feel yourself slow down.
Josephine is infused with unholy energy.
* * * LOW HITPOINT WARNING * * *
Josephine draws life force from you and is healed!
The two-headed ogre hits you with a giant club!
* * * LOW HITPOINT WARNING * * *
The two-headed ogre misses you.
The two-headed ogre completely misses you.
The two-headed ogre misses you.
The ogre mage hits you but does no damage.
Unknown command.
You attack the two-headed ogre from above.
You hit the two-headed ogre. You freeze the two-headed ogre.
You tail-slap the two-headed ogre!
The two-headed ogre is severely wounded.
The wraith is distracted by your jump.
The two-headed ogre is distracted by your jump.
The wraith is distracted by your jump. The orc is distracted by your jump.
The ogre is distracted by your jump.
The orc wizard is distracted by your jump.
An ogre comes into view. It is wielding a giant club.
You are no longer berserk.
You are exhausted.
You feel as though you will be slow longer.
Unknown command.
Blink to where?
Press: ? - help, Dir - move target cursor, p - ogre mage You are very lightly contaminated with residual magic.
As you read the scroll of blinking, it crumbles to dust.
You have got your breath back.
Unknown command.
Evoke which item? (* to show all) (? for menu, Esc to quit)
Aiming: Iceblast (will waste charges)
Press: ? - help, Shift-Dir - straight line The mass of ice explodes!
The iceblast engulfs the two-headed ogre.
The two-headed ogre is moderately wounded.
The iceblast engulfs Josephine.
Josephine is severely wounded.
Evoking this partially-identified wand wasted a few charges.
You hear two shouts!
Evoke which item? (* to show all) (? for menu, Esc to quit)
Aiming: Iceblast (will waste charges)
Press: ? - help, Shift-Dir - straight line, f - two-headed ogre
Aim: a two-headed ogre, wielding a giant club and a giant spiked club (heavily wounded, fast)
The mass of ice explodes!
The iceblast engulfs the two-headed ogre.
The two-headed ogre is severely wounded.
The iceblast engulfs the two-headed ogre.
The two-headed ogre is severely wounded.
The iceblast engulfs Josephine.
Josephine is almost dead.
Evoking this partially-identified wand wasted a few charges.
You are feeling very hungry.
You hear a shout! x2
Josephine gestures at you while chanting.
The ghostly flame explodes!
The ghostly fireball engulfs you!
You feel drained.
You die...

...........#.#....# ##
.................## ##.##
.............../..####....# ##
...................##....# ##.
.............#.#....#..# #..
.....#....#...#........# #..
.........#.....#....#.## ### ##.
.......................###.## #..
................@.......#...###..
..................)......#..##...
.....................)..#........
...........O.O......))..#........
...........@O......###.....#.....
....................##...........
......)..OO........####.###......
......W)......)...## ####......#
......OO)).......## ###.))..#


You could see Josephine, 3 two-headed ogres, an ogre mage and an ogre.

Vanquished Creatures
  Azrael (D:12)
  A hydra (D:10)
  A centaur warrior (D:12)
  6 two-headed ogres
  A wolf spider zombie (D:12)
  A cyclops (D:11)
  3 ugly things (D:12)
  Maurice (Orc:2)
  Psyche (D:8)
  2 gargoyles
  An efreet (D:11)
  A komodo dragon (D:10)
  2 trolls
  2 dream sheep (D:10)
  A centaur simulacrum (D:11)
  A wyvern (D:12)
  4 wraiths
  11 yaks
  2 fire elementals (D:12)
  A human (D:12)
  A hungry ghost (D:11)
  A warg (Orc:2)
  3 water moccasins
  A sky beast (D:11)
  5 hell hounds
  11 orc warriors
  A phantom (D:8)
  3 necrophages
  13 ogres
  A crocodile (D:11)
  7 centaurs
  3 big kobolds (D:10)
  11 bullfrogs
  A wyvern skeleton (D:10)
  2 wyvern zombies
  3 scorpions
  3 killer bees (D:8)
  10 wights
  2 howler monkeys
  6 crimson imps
  2 centaur zombies
  6 hounds
  2 quasits
  3 bullfrog zombies
  2 jellies
  7 orc priests
  2 bullfrog skeletons
  2 centaur skeletons
  16 orc wizards
  An iguana (D:4)
  9 worker ants
  A killer bee zombie (D:9)
  14 mummies
  2 worker ant zombies
  10 gnolls
  21 adders
  2 shadow imps
  2 oozes
  2 adder zombies
  An adder skeleton (D:8)
  3 worms
  5 leopard geckos
  57 orcs
  A bat (D:1)
  4 giant cockroaches
  6 goblins
  9 hobgoblins
  14 jackals
  4 quokkas
  A ball python (D:5)
  3 frilled lizards
  A giant cockroach zombie (D:6)
  2 gnoll skeletons (Ossuary)
  2 goblin skeletons (Ossuary)
  A jackal zombie (D:8)
  6 kobolds
  2 kobold skeletons (Ossuary)
  A leopard gecko zombie (D:5)
  2 orc skeletons (Ossuary)
  4 rats
  11 rat skeletons (Ossuary)
378 creatures vanquished.

Vanquished Creatures (collateral kills)
  A two-headed ogre (Orc:2)
  5 ogres (Orc:2)
  2 gnolls (Orc:2)
  3 orcs
11 creatures vanquished.

Vanquished Creatures (others)
  A bullfrog zombie (D:11)
  An orc wizard (D:4)
  A worker ant zombie (D:11)
3 creatures vanquished.

Grand Total: 392 creatures vanquished

Notes
Turn   | Place    | Note
-------+----------+-------------------------------------------
     0 | D:1      | tidbits the Draconian Monk began the quest for the Orb.
     0 | D:1      | Reached XP level 1. HP: 19/19 MP: 1/1
   259 | D:1      | Reached XP level 2. HP: 25/26 MP: 2/2
   389 | D:2      | Reached skill level 4 in Unarmed Combat
   458 | D:2      | Reached XP level 3. HP: 23/31 MP: 3/3
   597 | D:2      | Noticed a centaur
   608 | D:2      | Killed a centaur
   608 | D:2      | Reached skill level 5 in Unarmed Combat
   608 | D:2      | Reached XP level 4. HP: 14/38 MP: 4/4
   688 | D:2      | Reached XP level 5. HP: 26/45 MP: 5/5
   702 | D:2      | Found a deep blue altar of Sif Muna.
   895 | D:3      | Reached skill level 6 in Unarmed Combat
  1028 | D:2      | Found a sacrificial altar of Ru.
  1052 | D:4      | Found a glowing golden altar of the Shining One.
  1183 | D:4      | Reached XP level 6. HP: 17/51 MP: 6/6
  1262 | D:4      | Got an ancient mace
  1263 | D:4      | Identified the +11 mace "Xeym" {freeze, *Rage +Rage MR+ Dex+3} (You found it on level 4 of the Dungeon)
  1264 | D:4      | Reached skill level 7 in Unarmed Combat
  1319 | D:5      | Entered Level 5 of the Dungeon
  1362 | D:6      | Noticed a water moccasin
  1364 | D:6      | Reached skill level 3 in Dodging
  1369 | D:6      | Killed a water moccasin
  1369 | D:6      | Reached skill level 4 in Fighting
  1402 | D:6      | Found a glowing silver altar of Zin.
  1402 | D:6      | Found a runed door.
  1402 | D:6      | Noticed an angel
  1422 | D:6      | Your scales start taking on an icy white colour.
  1422 | D:6      | Reached XP level 7. HP: 60/60 MP: 7/7
  1422 | D:6      | Gained mutation: Your flesh is cold resistant. (rC+) [White Draconian growth]
  1463 | D:6      | Reached skill level 5 in Fighting
  1463 | D:6      | Reached skill level 4 in Dodging
  1557 | D:6      | Found a sand-covered staircase.
  1563 | Ossuary  | Entered an ossuary
  1703 | Ossuary  | Gained mutation: Your skin changes colour to match your surroundings (Stealth+). [potion of mutation]
  1703 | Ossuary  | Gained mutation: Your flesh is heat resistant. (rF+) [potion of mutation]
  1703 | Ossuary  | Gained mutation: Your tail ends in a poisonous barb. [potion of mutation]
  1703 | Ossuary  | Gained mutation: You have sharp toenails. [potion of mutation]
  1826 | Ossuary  | Reached skill level 6 in Fighting
  2028 | D:5      | Found a bloodstained altar of Trog.
  2070 | D:5      | Reached skill level 5 in Dodging
  2070 | D:5      | Reached XP level 8. HP: 70/70 MP: 8/8
  2401 | D:5      | Reached skill level 7 in Fighting
  2758 | D:8      | Reached skill level 6 in Dodging
  2787 | D:8      | Noticed Psyche
  2791 | D:8      | Killed Psyche
  2791 | D:8      | Reached skill level 8 in Fighting
  2814 | D:7      | Found a staircase to the Ecumenical Temple.
  2822 | Temple   | Entered the Ecumenical Temple
  2908 | Temple   | Became a worshipper of the Wu Jian Council
  2908 | Temple   | Reached * piety under Wu Jian
  2908 | Temple   | Reached ** piety under Wu Jian
  3081 | D:8      | Reached XP level 9. HP: 79/82 MP: 9/9
  3105 | D:8      | Reached skill level 7 in Dodging
  3226 | D:7      | Found a snail-covered altar of Cheibriados.
  3401 | D:8      | Reached skill level 9 in Fighting
  3599 | D:7      | Reached *** piety under Wu Jian
  3673 | D:7      | Found a sacrificial altar of Ru.
  3674 | D:7      | Found a sparkling altar of Nemelex Xobeh.
  3767 | D:8      | Reached skill level 8 in Dodging
  3813 | D:10     | Entered Level 10 of the Dungeon
  3817 | D:10     | Noticed a komodo dragon
  3821 | D:10     | Reached skill level 10 in Fighting
  3821 | D:10     | Noticed a gargoyle
  3830 | D:10     | Killed a gargoyle
  3834 | D:10     | Killed a komodo dragon
  3890 | D:11     | Noticed an orange crystal statue
  3903 | D:10     | Noticed a troll
  3907 | D:10     | Killed a troll
  3907 | D:10     | Reached XP level 10. HP: 94/94 MP: 10/10
  3916 | D:11     | Noticed a cyclops
  3944 | D:10     | Noticed a two-headed ogre
  3955 | D:10     | Killed a two-headed ogre
  3955 | D:10     | Reached skill level 11 in Fighting
  3955 | D:10     | Reached skill level 9 in Dodging
  4013 | D:10     | Reached **** piety under Wu Jian
  4087 | D:10     | Found a staircase to the Lair.
  4148 | D:9      | Found a deep blue altar of Sif Muna.
  4280 | D:9      | Learned a level 1 spell: Apportation
  4291 | D:9      | Reached skill level 10 in Dodging
  4446 | D:11     | Noticed a death knight
  4449 | D:11     | Noticed a tengu warrior
  4452 | D:11     | Noticed a two-headed ogre
  4453 | D:11     | Noticed a gargoyle
  4463 | D:10     | Killed a two-headed ogre
  4463 | D:10     | Reached skill level 12 in Fighting
  4507 | D:10     | Reached XP level 11. HP: 82/105 MP: 11/11
  4539 | D:10     | Noticed a two-headed hydra
  4554 | D:10     | Killed a two-headed hydra
  4611 | D:11     | Found Ureaf's Armour Emporium.
  4618 | D:11     | Reached ***** piety under Wu Jian
  4754 | D:12     | Noticed a centaur warrior
  4761 | D:12     | Reached skill level 2 in Stealth
  4769 | D:12     | Killed a centaur warrior
  4786 | D:12     | Reached skill level 13 in Fighting
  4786 | D:12     | Reached skill level 11 in Dodging
  4789 | D:12     | Reached skill level 3 in Stealth
  4825 | D:12     | Found a staircase to the Orcish Mines.
  4872 | D:12     | Noticed a purple ugly thing
  4879 | D:12     | Noticed a six-headed hydra
  4918 | D:12     | Noticed Azrael
  5012 | D:12     | Reached skill level 4 in Stealth
  5162 | D:12     | Reached skill level 1 in Evocations
  5172 | D:12     | Noticed a white ugly thing
  5250 | D:12     | Noticed a green ugly thing
  5253 | D:12     | Killed a green ugly thing
  5253 | D:12     | Reached skill level 2 in Evocations
  5378 | D:11     | Learned a level 1 spell: Animate Skeleton
  5380 | D:11     | Learned a level 1 spell: Confusing Touch
  5554 | D:11     | Reached skill level 1 in Necromancy
  5603 | D:11     | Reached skill level 1 in Spellcasting
  5608 | D:11     | Reached skill level 2 in Necromancy
  5611 | D:11     | Reached skill level 2 in Spellcasting
  5723 | D:11     | Reached skill level 3 in Necromancy
  5813 | D:12     | Killed a purple ugly thing
  5813 | D:12     | Reached XP level 12. HP: 114/115 MP: 11/16
  5816 | D:12     | Reached skill level 3 in Spellcasting
  5865 | D:12     | Killed Azrael
  5865 | D:12     | Reached skill level 4 in Necromancy
  5867 | D:12     | Reached skill level 3 in Evocations
  5896 | Orc:1    | Entered Level 1 of the Orcish Mines
  5933 | Orc:1    | Found Wolam's Jewellery Boutique.
  5992 | Orc:2    | Entered Level 2 of the Orcish Mines
  6238 | Orc:1    | Reached skill level 4 in Evocations
  6324 | Orc:2    | Noticed Maurice
  6331 | Orc:2    | Killed Maurice
  6331 | Orc:2    | Reached skill level 4 in Spellcasting
  6410 | Orc:2    | Noticed a two-headed ogre
  6410 | Orc:2    | Noticed a two-headed ogre
  6415 | Orc:2    | Noticed Josephine
  6426 | Orc:2    | Noticed a two-headed ogre
  6457 | Orc:2    | Killed a two-headed ogre
  6457 | Orc:2    | Reached skill level 5 in Spellcasting
  6457 | Orc:2    | Killed a two-headed ogre
  6458 | Orc:2    | Killed a two-headed ogre
  6458 | Orc:2    | Reached skill level 6 in Spellcasting
  6490 | Orc:2    | Noticed a two-headed ogre
  6501 | Orc:2    | Killed a two-headed ogre
  6553 | Orc:2    | Reached ****** piety under Wu Jian
  6556 | Orc:2    | Reached skill level 7 in Spellcasting
  6561 | Orc:2    | Noticed a two-headed ogre
  6561 | Orc:2    | Noticed a two-headed ogre
  6564 | Orc:2    | Noticed an ogre mage
  6567 | Orc:2    | Noticed a two-headed ogre
  6567 | Orc:2    | Killed a two-headed ogre
  6573 | Orc:2    | Noticed a two-headed ogre
  6576 | Orc:2    | HP: 17/172 [Josephine/vampiric draining (23)]
  6576 | Orc:2    | HP: 2/172 [two-headed ogre/giant club (15)]
  6580 | Orc:2    | Killed from afar by Josephine

Vault maps used:
D:1:      dpeg_arrival_tiny_a
D:2:      lemuel_upstairs_altar, nicolae_overflow_hidden_temple,
          nicolae_overflow_crystal_walls, minmay_hexomino_u4
D:3:      minmay_misc_feat_five, minmay_misc_feat_pillars
D:4:      overflow_temple_1_default, uniq_menkaure, uniq_grinder,
          uniq_crazy_yiuf_cottage
D:5:      overflow_temple_1_default, first_bread, trog_three_pillars_becter,
          uniq_sigmund
D:6:      enter_ossuary_3, grunt_decor_arrowhead, roderic_st_hans_cross,
          minmay_statues_item, lemuel_angel_altar
D:7:      amethyst_overflow_temple_binary, cheibrodos_worm_habitat,
          minmay_temple_entry_statues_fountains, serial_undead, serial_undead_a,
          serial_undead_d, serial_undead_d, serial_undead_f
D:8:      lightli_bailey_entry_fortress, uniq_psyche
D:9:      basic_altar
D:10:     minmay_lair_entry_lava, hangedman_ranch
D:11:     serial_shops, nicolae_shop_crystal, minivault_16, minivault_28
D:12:     erik_orc_4, uniq_azrael
Temple:   regret_index_temple_generic_petals
Orc:1:    serial_shops, shop
Orc:2:    st_orc_ogre_mass, uniq_josephine, uniq_maurice
Ossuary:  ossuary_due_small_catacomb

Skill      XL: |  1  2  3  4  5  6  7  8  9 10 11 12 |
---------------+-------------------------------------+-----
Unarmed Combat | 4 5 6 7 |  7.0
Dodging        | 3 5 6 8 10 11 | 11.3
Fighting       | 4 6 8 10 12 13 | 13.3
Stealth        | 4 |  4.3
Evocations     | 2 4 |  4.0
Necromancy     | 3 4 |  4.2
Spellcasting   | 2 7 |  7.5

Action                   |  1- 3 |  4- 6 |  7- 9 | 10-12 || total
-------------------------+-------+-------+-------+-------++-------
Melee: Unarmed           |   109 |    95 |       |       ||   204
       Tailslap          |     6 |    10 |    37 |    53 ||   106
       Punch             |       |     2 |     6 |    15 ||    23
       Mace              |       |    12 |   286 |   458 ||   756
       Kick              |       |       |    49 |    86 ||   135
 Fire: Shortbow          |       |     9 |       |     1 ||    10
Throw: Stone             |     3 |       |       |       ||     3
       Tomahawk          |       |       |       |     3 ||     3
 Cast: Animate Skeleton  |       |       |       |    11 ||    11
       Apportation       |       |       |       |     2 ||     2
Invok: Serpent's Lash    |       |       |       |     1 ||     1
 Abil: Breathe Frost     |       |       |     4 |    25 ||    29
       Evoke Berserk Rag |       |       |     2 |    14 ||    16
Evoke: Wand              |       |       |     2 |     9 ||    11
  Use: Scroll            |       |     4 |     9 |    17 ||    30
       Potion            |       |     1 |     1 |       ||     2
 Stab: Sleeping          |     1 |     3 |    19 |     8 ||    31
       Distracted        |       |       |       |     1 ||     1
  Eat: Chunk             |       |     2 |     6 |    23 ||    31
       Royal jelly       |       |       |     2 |       ||     2
       Fruit             |       |       |     1 |     9 ||    10
Armor: Skin              |    37 |    21 |    95 |   141 ||   294
Dodge: Dodged            |    58 |    50 |   290 |   538 ||   936

Table legend:
 A = Spawn XP
 B = Non-spawn XP
 C = Spawn XP percentage of total XP
 D = Spawn monster count
 E = Non-spawn monster count
 F = Spawn count percentage of total count
 G = Total turns spent on level
                    A         B        C        D         E        F      G
               +---------+---------+-------+---------+---------+-------+---------
         Total |       0 |   31666 |   0.0 |       0 |     390 |   0.0 |  6580
               +---------+---------+-------+---------+---------+-------+---------
           D:1 |       0 |      16 |   0.0 |       0 |      10 |   0.0 |   373
           D:2 |       0 |     192 |   0.0 |       0 |      28 |   0.0 |   455
           D:3 |       0 |      94 |   0.0 |       0 |      13 |   0.0 |   217
           D:4 |       0 |     266 |   0.0 |       0 |      12 |   0.0 |   411
           D:5 |       0 |     390 |   0.0 |       0 |      11 |   0.0 |   418
           D:6 |       0 |     823 |   0.0 |       0 |      21 |   0.0 |   506
           D:7 |       0 |     493 |   0.0 |       0 |      15 |   0.0 |   404
           D:8 |       0 |    1849 |   0.0 |       0 |      49 |   0.0 |   524
           D:9 |       0 |     791 |   0.0 |       0 |      20 |   0.0 |   256
          D:10 |       0 |    6873 |   0.0 |       0 |      46 |   0.0 |   545
          D:11 |       0 |    3627 |   0.0 |       0 |      36 |   0.0 |   680
          D:12 |       0 |    8489 |   0.0 |       0 |      53 |   0.0 |   627
         Orc:1 |       0 |     626 |   0.0 |       0 |      13 |   0.0 |   312
         Orc:2 |       0 |    6898 |   0.0 |       0 |      32 |   0.0 |   372
       Ossuary |       0 |     239 |   0.0 |       0 |      31 |   0.0 |   333
               +---------+---------+-------+---------+---------+-------+---------

Table legend:
 A = Turns spent in this place as a percentage of turns spent in the entire game.
 B = Non-inter-level travel turns spent in this place as a percentage of non-inter-level travel turns spent in the entire game.
 C = Inter-level travel turns spent in this place as a percentage of turns spent in this place.
 D = Turns resting spent in this place as a percentage of non-inter-level travel turns spent in this place.
 E = Turns spent auto-exploring this place as a percentage of non-inter-level travel turns spent in this place.
 F = Non-inter-level travel turns spent in this place divided by the number of levels of this place that you've seen.
                   A       B       C       D       E      F
               +-------+-------+-------+-------+-------+----------------------
         Total | 100.0 | 100.0 |   4.3 |   0.0 |   0.0 | 393.7
       Dungeon |  82.3 |  82.6 |   3.9 |   0.0 |   0.0 | 433.6
        Temple |   2.2 |   1.5 |  36.1 |   0.0 |   0.0 |  94.0
  Orcish Mines |  10.4 |  10.6 |   2.2 |   0.0 |   0.0 | 334.5
       Ossuary |   5.1 |   5.3 |   0.0 |   0.0 |   0.0 | 333.0
               +-------+-------+-------+-------+-------+----------------------

Table legend:
 A = Kills in this place as a percentage of kills in entire the game.
 B = Kills by you in this place as a percentage of kills by you in the entire game.
 C = Kills by friends in this place as a percentage of kills by friends in the entire game.
 D = Other kills in this place as a percentage of other kills in the entire game.
 E = Experience gained in this place as a percentage of experience gained in the entire game.
 F = Experience gained in this place divided by the number of levels of this place that you have seen.
                   A       B       C       D       E      F
               +-------+-------+-------+-------+-------+----------------------
         Total | 100.0 | 100.0 | 100.0 | 100.0 | 100.0 | 1979.1
       Dungeon |  80.5 |  82.5 |   9.1 | 100.0 |  75.5 | 1991.9
  Orcish Mines |  11.5 |   9.3 |  90.9 |   0.0 |  23.8 | 3762.0
       Ossuary |   7.9 |   8.2 |   0.0 |   0.0 |   0.8 | 239.0
               +-------+-------+-------+-------+-------+----------------------

Vault maps used:
D:1:      dpeg_arrival_tiny_a
D:2:      lemuel_upstairs_altar, nicolae_overflow_hidden_temple,
          nicolae_overflow_crystal_walls, minmay_hexomino_u4
D:3:      minmay_misc_feat_five, minmay_misc_feat_pillars
D:4:      overflow_temple_1_default, uniq_menkaure, uniq_grinder,
          uniq_crazy_yiuf_cottage
D:5:      overflow_temple_1_default, first_bread, trog_three_pillars_becter,
          uniq_sigmund
D:6:      enter_ossuary_3, grunt_decor_arrowhead, roderic_st_hans_cross,
          minmay_statues_item, lemuel_angel_altar
D:7:      amethyst_overflow_temple_binary, cheibrodos_worm_habitat,
          minmay_temple_entry_statues_fountains, serial_undead, serial_undead_a,
          serial_undead_d, serial_undead_d, serial_undead_f
D:8:      lightli_bailey_entry_fortress, uniq_psyche
D:9:      basic_altar
D:10:     minmay_lair_entry_lava, hangedman_ranch
D:11:     serial_shops, nicolae_shop_crystal, minivault_16, minivault_28
D:12:     erik_orc_4, uniq_azrael
Temple:   regret_index_temple_generic_petals
Orc:1:    serial_shops, shop
Orc:2:    st_orc_ogre_mass, uniq_josephine, uniq_maurice
Ossuary:  ossuary_due_small_catacomb
